 Dungeon Crawl Stone Soup version 0.30-a0-632-g346586fe48 (webtiles) character file.

Game seed: 14880387781505802352

81 Mitcholas the Shooter (level 4, -3/26 HPs)
             Began as a Deep Elf Hunter on Jan 13, 2023.
             Constricted to death by Terence (5 damage)
             ... on level 2 of the Dungeon.
             The game lasted 00:03:38 (1279 turns).

Mitcholas the Shooter (Deep Elf Hunter)             Turns: 1279, Time: 00:03:38

Health: -3/26      AC:  4    Str:  8    XL:     4   Next: 19%
Magic:  6/6        EV: 10    Int: 14    God:
Gold:   43         SH:  0    Dex: 20    Spells: 3/3 levels left

rFire   . . .      SeeInvis .    a - +0 shortbow
rCold   . . .      Faith    .    (shield currently unavailable)
rNeg    . . .      Spirit   .    c - +0 leather armour
rPois   .          Reflect  .    l - +0 helmet
rElec   .          Harm     .    (no cloak)
rCorr   .          Rampage  .    (no gloves)
Will    .....                    (no boots)
Stlth   ++                       (no amulet)
HPRegen 0.24/turn                (no ring)
MPRegen 0.10/turn                (no ring)

@: grasped by roots, constricted
A: no striking features
a: no special abilities


You were on level 2 of the Dungeon.
You visited 1 branch of the dungeon, and saw 2 of its levels.

You collected 43 gold pieces.

Inventory:

Hand Weapons
 a - a +0 shortbow (weapon)
Missiles
 j - an atropa-tipped dart
Armour
 c - a +0 leather armour (worn)
 l - a +0 helmet (worn)
Scrolls
 b - a scroll of immolation
 d - 2 scrolls of vulnerability {unknown}
 e - a scroll of noise {unknown}
 i - a scroll of acquirement {unknown}
 k - 3 scrolls of identify {unknown}
 m - a scroll of teleportation {unknown}
 n - a scroll of enchant weapon {unknown}
 o - a scroll of summoning {unknown}
Potions
 f - a potion of flight {unknown}
 g - a potion of attraction {unknown}
 h - a potion of curing {unknown}
 p - a potion of lignification {unknown}


   Skills:
 + Level 2.1 Fighting
 * Level 6.3 Ranged Weapons
 + Level 3.2 Dodging
 + Level 2.4 Stealth


You had 3 spell levels left.
You didn't know any spells.
Your spell library was empty.

Dungeon Overview and Level Annotations

Branches:
Dungeon (2/15)

Altars:

Annotations:
D:2 Terence


Message History

You are too injured to fight recklessly!
You are too injured to fight recklessly!
You are too injured to fight recklessly!
You are too injured to fight recklessly!
You are too injured to fight recklessly!
You are too injured to fight recklessly!
You are too injured to fight recklessly!
You are too injured to fight recklessly!
You are too injured to fight recklessly!
You are too injured to fight recklessly!
You are too injured to fight recklessly!
You are too injured to fight recklessly!
Throw: 3 darts (atropa)
Press: ? - help, Q - select action, (/) - cycle Shift-Dir - straight line, f/p - Terence
Aim: Terence, wielding a +0 flail, wearing a +4 scale mail of cold resistance and carrying a wand of roots (1) (moderately wounded, 66% to hit, chance to blind on hit: 100%)
You throw an atropa-tipped dart. The atropa-tipped dart hits Terence.
Terence appears confused.
Terence is moderately wounded.
The grasping roots constrict you.
* * * LOW HITPOINT WARNING * * *
Throw: 2 darts (atropa)
Press: ? - help, Q - select action, (/) - cycle Shift-Dir - straight line, f/p - Terence
Aim: Terence, wielding a +0 flail, wearing a +4 scale mail of cold resistance and carrying a wand of roots (1) (moderately wounded, confused, blind, 83% to hit, chance to blind on hit: 100%)
You throw an atropa-tipped dart. The atropa-tipped dart hits Terence.
Terence appears confused.
Terence is moderately wounded.
Terence closely misses you. The grasping roots constrict you.
* * * LOW HITPOINT WARNING * * *
You are too injured to fight recklessly!
You are too injured to fight recklessly!
Fire: a) +0 shortbow
Press: ? - help, Q - select action, (/) - cycle Shift-Dir - straight line, f/p - Terence
Aim: Terence, wielding a +0 flail, wearing a +4 scale mail of cold resistance and carrying a wand of roots (1) (moderately wounded, confused, blind, 85% to hit)
You shoot an arrow.
The arrow hits Terence but does no damage.
Terence is moderately wounded.
Terence seems less confused.
Terence hits you with a +0 flail.
* * * LOW HITPOINT WARNING * * *
The grasping roots constrict you.
You die...

....######## #.# #........# #
...........###.# #........# ##
...............### #........# #.
##.........†#....#
#........####. #.......†..#.##.#
#########.....
#..........#.##.###########.....
#.........##.##...........'.....
#.........+..##....########.....
#.........#####@@..# #.....
########### #(...# #..... #(...#
#..... #....# ###... #....# #...
...... #... .......# #...
.!.)..# #... #...


You could see Terence (blind).

Vanquished Creatures
  Robin (D:2)
  An adder (D:2)
  A worm (D:2)
  3 dart slugs
  5 ball pythons
  A bat (D:2)
  An endoplasm (D:2)
  2 giant cockroaches (D:1)
  11 goblins
  4 hobgoblins
  6 jackals
  5 kobolds
  A quokka (D:2)
  4 frilled lizards
  A rat (D:1)
47 creatures vanquished.

Notes
Turn   | Place    | Note
-------+----------+-------------------------------------------
     0 | D:1      | Mitcholas the Deep Elf Hunter began the quest for the Orb.
     0 | D:1      | Reached XP level 1. HP: 12/12 MP: 3/3
   158 | D:1      | Reached XP level 2. HP: 17/17 MP: 4/4
   711 | D:1      | Reached XP level 3. HP: 5/21 MP: 5/5
   861 | D:2      | Reached skill level 6 in Ranged Weapons
   890 | D:2      | Noticed Robin
  1042 | D:2      | Killed Robin
  1043 | D:2      | Reached XP level 4. HP: 13/26 MP: 6/6
  1264 | D:2      | Noticed Terence
  1279 | D:2      | Constricted to death by Terence

Illustrated notes

Levels and vault maps discovered:
D:1:      amcnicky_arrival_double_pillar, layout_basic, due_unseen_surprise
D:2:      layout_basic, uniq_robin, uniq_terence

Skill      XL: |  1  2  3 |
---------------+----------+-----
Stealth        | 2 |  2.4
Fighting       | 2 |  2.1
Ranged Weapons | 6 |  6.3
Dodging        | 3 |  3.2

Action                   |  1- 3 |  4- 6 || total
-------------------------+-------+-------++-------
 Fire: Shortbow          |    92 |    23 ||   115
Throw: Dart              |       |     4 ||     4
Armor: Leather armour    |    11 |       ||    11
Dodge: Dodged            |    48 |     2 ||    50

Table legend: (Time is in decaauts)
 A = Elapsed time spent in this place.
 B = Non-inter-level travel time spent in this place.
 C = Inter-level travel time spent in this place.
 D = Time resting spent in this place.
 E = Time spent auto-exploring this place.
 F = Levels seen in this place.
 G = Mean time per level.
                   A        B        C        D        E       F      G
               +--------+--------+--------+--------+--------+-----+--------+
         Total |   1309 |   1213 |     96 |    201 |    775 |   2 |  654.5 |
       Dungeon |   1309 |   1213 |     96 |    201 |    775 |   2 |  654.5 |
               +--------+--------+--------+--------+--------+-----+--------+

Top non-repeatable levels by time:
     D:1: 904 daAuts
     D:2: 404 daAuts
